 Dungeon Crawl Stone Soup version 0.31-a0-154-g56bf346678 (webtiles) character file.

Game seed: 12973170893362562066

88815 pokeman the Sorcerer (level 15, -1/82 HPs)
             Began as a Deep Elf Hedge Wizard on June 11, 2023.
             Was a High Priest of Vehumet.
             Slain by a torpor snail (12 damage)
             ... on level 5 of the Lair of Beasts.
             The game lasted 01:02:57 (26893 turns).

pokeman the Sorcerer (Deep Elf Hedge Wizard)       Turns: 26893, Time: 01:02:57

Health: -1/82      AC: 12    Str:  7    XL:     15   Next: 47%
Magic:  13/51      EV: 22    Int: 27    God:    Vehumet [*****.]
Gold:   1255       SH:  5    Dex: 14    Spells: 18/57 levels left

rFire   + + .        x - staff of conjuration
rCold   . . .        o - +0 buckler
rNeg    . . .        L - +2 leather armour "Dighomir" {rF++}
rPois   .            v - +0 helmet
rElec   .            X - +2 cloak {Will+}
rCorr   .            z - +0 pair of gloves
SInv    .            j - +0 pair of boots
Will    ++...        H - amulet of regeneration
Stlth   ++           T - ring of magical power
HPRegen 1.13/turn    J - +5 ring of evasion
MPRegen 0.32/turn

%: no passive effects
@: about to teleport, very slightly contaminated, slowed, studying Dodging, very
slow
A: no striking features
a: Renounce Religion


You were on level 5 of the Lair of Beasts.
You worshipped Vehumet.
Vehumet was extremely pleased with you.
You visited 3 branches of the dungeon, and saw 21 of its levels.
You also visited: Bailey and Volcano.

You collected 1806 gold pieces.
You spent 551 gold pieces at shops.

Inventory:

Hand Weapons
 S - the +10 spear of the Blind Eye {vamp, Fly}
   (You found it on level 9 of the Dungeon)

   Fly:       It grants you flight.
Missiles
 i - 6 throwing nets
 I - 7 curare-tipped darts
Armour
 a - the +1 scale mail of the Turtle {rC+++ rN+++ Int-4 Stlth-}
   (You found it on level 5 of the Lair of Beasts)

   Int:       It affects your intelligence (-4).
   rC:        It renders you almost immune to cold.
   rN:        It renders you almost immune to negative energy.
   Stlth:     It makes you less stealthy.
 j - a +0 pair of boots (worn)
 o - a +0 buckler (worn)
 q - the +1 robe "Nixt" {rC+ Dex+3}
   (You found it on level 2 of the Lair of Beasts)

   Dex:       It affects your dexterity (+3).
   rC:        It protects you from cold.
 v - a +0 helmet (worn)
 z - a +0 pair of gloves (worn)
 E - a +2 pair of boots of rampaging
 K - the crystal ball of Wucad Mu {*channel}
   (You took it off an orc warrior in a bailey)

   *Channel:  It often returns the magic spent to cast spells, but lowers their
   success rate.
   It always returns the magic spent on miscasts.
 L - the +2 leather armour "Dighomir" (worn) {rF++}
   (You took it off an orc in a bailey)

   rF:        It greatly protects you from fire.
 X - a +2 cloak of willpower (worn)
Magical Staves
 l - a staff of earth
 p - a staff of fire
 x - a staff of conjuration (weapon)
 y - a staff of poison
Jewellery
 g - a ring of ice
 m - a ring of protection from fire
 H - an amulet of regeneration (around neck)
 J - a +5 ring of evasion (right hand)
 T - a ring of magical power (left hand)
Wands
 b - a wand of digging (9)
 G - a wand of charming (4)
 M - a wand of mindburst (3)
 W - a wand of polymorph (12)
Scrolls
 h - 2 scrolls of magic mapping
 k - 2 scrolls of amnesia
 r - 3 scrolls of enchant weapon
 s - a scroll of silence
 B - 7 scrolls of teleportation
 C - 2 scrolls of fear
 N - a scroll of butterflies
 O - a scroll of enchant armour
 P - a scroll of brand weapon
 Q - a scroll of fog
 V - 4 scrolls of blinking
Potions
 c - 10 potions of curing
 d - 3 potions of magic
 e - 2 potions of might
 f - 3 potions of mutation
 n - 12 potions of heal wounds
 t - 4 potions of haste
 w - a potion of experience
 A - 2 potions of enlightenment
 D - 2 potions of attraction
 F - 2 potions of ambrosia
 R - 4 potions of berserk rage
 Y - 2 potions of cancellation {unknown}
 Z - a potion of resistance {unknown}
Miscellaneous
 u - a condenser vane


   Skills:
 + Level 5.3 Fighting
 - Level 6.0 Armour
 + Level 13.6 Dodging
 - Level 3.3 Stealth
 - Level 6.0 Shields
 * Level 21.9 Spellcasting
 + Level 13.2 Conjurations
 - Level 1.1 Summonings
 - Level 1.1 Translocations
 + Level 12.7 Fire Magic
 - Level 1.0 Ice Magic
 - Level 1.0 Air Magic
 - Level 1.0 Earth Magic
 - Level 1.0 Poison Magic
 - Level 1.1 Evocations


You had 18 spell levels left.
You knew the following spells:

 Your Spells              Type           Power      Damage    Failure   Level
a - Magic Dart            Conj           100%       1d8       0%          1
b - Mephitic Cloud        Conj/Pois/Air  72%        N/A       1%          3
c - Call Imp              Summ           70%        N/A       2%          2
d - Blink                 Tloc           70%        N/A       2%          2
e - Foxfire               Conj/Fire      100%       2x1d9     0%          1
f - Fireball              Conj/Fire      49%        3d19      1%          5
g - Leda's Unmaking       Conj/Erth      40%        9d7       6%          6
h - Freezing Cloud        Conj/Ice/Air   36%        6-21      2%          5
i - Plasma Beam           Fire/Air       30%        2x1d43    7%          6
j - Iskenderun's Battles  Conj           100%       2d15      1%          5
k - Stone Arrow           Conj/Erth      100%       3d13      1%          3

Your spell library contained the following spells:

 Spells                   Type           Power      Damage    Failure   Level
 Searing Ray              Conj           100%       2d8       0%          2
 Kiss of Death            Conj/Necr      100%       2d13      1%          1
 Ignite Poison            Fire/Tmut/Pois 53%        N/A       1%          3
 Volatile Blastmotes      Fire/Tloc      100%       2d18      1%          3
 Fulminant Prism          Conj/Hex       39%        3d17      1%          4
 Iskenderun's Mystic Bla  Conj/Tloc      80%        2d16      1%          4
 Starburst                Conj/Fire      49%        6d14      1%          6
 Beastly Appendage        Tmut           58%        N/A       2%          1
 Slow                     Hex            100%       N/A       2%          1
 Cigotuvi's Dreadful Rot  Necr/Pois/Air  66%        N/A       3%          2
 Ensorcelled Hibernation  Hex/Ice        64%        N/A       3%          2
 Sublimation of Blood     Necr           29%        N/A       4%          2
 Wereblood                Tmut           29%        N/A       4%          2
 Spider Form              Tmut/Pois      32%        N/A       6%          3
 Confusing Touch          Hex            29%        N/A       9%          3
 Lee's Rapid Deconstruct  Erth           17%        3d11*     13%         5
 Animate Armour           Summ/Erth      70%        N/A       17%         4
 Anguish                  Hex/Necr       14%        N/A       26%         4
 Dispel Undead            Necr           29%        3d13      26%         4
 Lehudib's Crystal Spear  Conj/Erth      40%        10d10     90%         8
 Death Channel            Necr           14%        N/A       99%         6
 Summon Hydra             Summ           17%        N/A       100%        7


Dungeon Overview and Level Annotations

Branches:
Dungeon (15/15)            Temple (1/1) D:4            Lair (5/5) D:9
 Shoals (0/4) Lair:2       Spider (0/4) Lair:3        Slime (0/5) Lair:5
    Orc (0/2) D:11         Vaults (0/5) D:13         Depths (0/4) D:15
 Bailey (visited)         Volcano (visited)

Altars:
Ashenzari
Cheibriados
Dithmenos
Elyvilon
Fedhas
Gozag
Hepliaklqana
Kikubaaqudgha
Makhleb
Nemelex Xobeh
Okawaru
Qazlal
Ru
Sif Muna
Trog
Uskayaw
Vehumet
Wu Jian
Xom
Yredelemnul
Zin
The Shining One
Jiyva

Shops:
D:4 [   D:5 :   D:10 ?   D:11 ([[!*

Annotations:
Lair:5 1 runed translucent door


Message History

Press: ? - help, Shift-Dir - straight line, f - tyrant leech
Aim: a tyrant leech (60% to hit)
You feel a surge of power!
You miscast Leda's Unmaking.
You are very lightly contaminated with residual magic.
You feel a surge of energy from the ground.
You feel sick.
You are no longer poisoned.
The tyrant leech completely misses you. The torpor snail closely misses you.
Unknown command.
Casting: Leda's Unmaking (dangerous; 6% risk of failure)
Confirm with . or Enter, or press ? or * to list all spells.
Aiming: Leda's Unmaking (dangerous; 6% risk of failure)
Press: ? - help, Shift-Dir - straight line, f/p - tyrant leech
Aim: a tyrant leech (60% to hit)
You feel a surge of power!
The entropic shot hits the tyrant leech!!
The tyrant leech is moderately wounded.
The tyrant leech misses you.
Unknown command.
Casting: Leda's Unmaking (dangerous; 6% risk of failure)
Confirm with . or Enter, or press ? or * to list all spells.
Aiming: Leda's Unmaking (dangerous; 6% risk of failure)
Press: ? - help, Shift-Dir - straight line, f/p - tyrant leech
Aim: a tyrant leech (moderately wounded, 60% to hit)
You feel a surge of power!
You miscast Leda's Unmaking.
The air around you crackles with energy!
The torpor snail seems less confused.
The tyrant leech misses you.
The hornet stings the tyrant leech but does no damage.
The tyrant leech completely misses you.
The tyrant leech attacks as you move away!
You block the tyrant leech's attack.
The torpor snail attacks as you move away!
The torpor snail bites you!
* * * LOW HITPOINT WARNING * * *
As you read the scroll of teleportation, it crumbles to dust.
You feel strangely unstable. The tyrant leech bites you!
* * * LOW HITPOINT WARNING * * *
The tyrant leech draws strength from your injuries!
The torpor snail bites you!
You die...

##.# ##..##### $##
#.#w #....# $$# .
###.† ###..## $$$#
..#....## ##..# $.$#
#..$....## #...####$$
#......#### ###...#+#
#.##.....#.# ###..P##
###...y.### #.##..⌠#
#..#..w@.#####....##
P....##.w...#.#....##
.....######.......###
..#### ###.P.##.# #
########


You could see a tyrant leech, a torpor snail and a hornet (confused).

Vanquished Creatures
  Azrael (D:13)
  2 minotaurs (D:11)
  Josephine (D:11)
  2 ice dragons (D:15)
  6 hydras
  Harold (Lair:1)
  5 centaur warriors
  Erolcha (D:13)
  An ogre mage (D:15)
  Erica (D:11)
  A catoblepas (D:13)
  5 boulder beetles
  6 two-headed ogres
  9 death yaks
  A hell knight (Volcano)
  Nergalle (Lair:2)
  A swamp dragon (shapeshifter) (D:13)
  An orb spider (Lair:3)
  5 orc knights
  Pikel (D:4)
  A wizard (D:14)
  3 deep elf pyromancers
  A cyclops (D:15)
  7 ugly things
  2 orc sorcerers (D:15)
  A wolf spider (Lair:5)
  3 manticores
  3 elephants (Lair:2)
  9 black mambas
  A guardian serpent (Lair:5)
  Maurice (D:8)
  2 torpor snails (Lair:5)
  A kobold demonologist (D:14)
  12 cane toads
  An unseen horror (D:10)
  An efreet (D:13)
  2 freezing wraiths
  13 komodo dragons
  3 rime drakes
  10 yaktaurs
  5 merfolk
  4 trolls
  3 polar bears
  3 meliai (D:14)
  7 hornets
  14 blink frogs
  A tarantella (shapeshifter) (D:15)
  Grinder (D:3)
  4 dream sheep (Lair:4)
  12 slime creatures
  A vampire (D:12)
  A water elemental (D:12)
  17 wyverns
  A centaur simulacrum (D:14)
  5 wraiths
  A spriggan (D:13)
  A shadow (D:8)
  Eustachio (D:6)
  4 fire elementals (D:13)
  5 basilisks
  56 yaks
  5 redbacks (Lair:5)
  2 wargs (D:15)
  An acid dragon (D:8)
  16 water moccasins
  A hell hound (D:13)
  13 orc warriors
  2 sky beasts
  2 black bears
  5 ogres
  14 wolves
  30 centaurs
  3 lemures (D:4)
  3 kobold brigands
  11 bullfrogs
  2 gnoll sergeants
  7 scorpions
  4 wights (D:7)
  3 killer bees (D:8)
  A troll skeleton (D:10)
  4 electric eels
  5 spriggan skeletons (D:10)
  8 howler monkeys
  A crimson imp (D:13)
  Crazy Yiuf (D:3)
  4 hounds
  10 orc priests
  Jessica (D:3)
  3 iguanas
  Terence (D:3)
  11 orc wizards
  Natasha (thrice) (D:2)
  2 hell rats (Lair:1)
  A mummy (D:8)
  Robin (D:3)
  18 gnolls
  16 adders
  5 river rats (Lair:1)
  3 shadow imps
  2 white imps (D:6)
  An ufetubus (D:7)
  3 dart slugs
  The ghost of comborobin the Sneak, a weakling DEDe of Okawaru (D:3)
  52 orcs
  8 endoplasms
  6 giant cockroaches
  16 goblins
  6 hobgoblins
  7 jackals
  A quokka (D:1)
  4 ball pythons
  4 bats
  4 frilled lizards
  3 hobgoblin zombies (D:8)
  31 kobolds
  A kobold zombie (D:8)
  16 rats
665 creatures vanquished.

Vanquished Creatures (collateral kills)
  2 killer bees (D:8)
2 creatures vanquished.

Vanquished Creatures (others)
  A slime creature (shapeshifter) (D:13)
  A golden eye (shapeshifter) (D:13)
  An adder (D:3)
  A quokka (D:3)
  700 foxfires
704 creatures vanquished.

Grand Total: 1371 creatures vanquished

Notes
Turn   | Place    | Note
-------+----------+-------------------------------------------
     0 | D:1      | pokeman the Deep Elf Hedge Wizard began the quest for the
                  | Orb.
     0 | D:1      | Reached XP level 1. HP: 10/10 MP: 7/7
   128 | D:1      | Reached XP level 2. HP: 4/16 MP: 1/9
   489 | D:1      | Reached skill level 5 in Spellcasting
   628 | D:1      | Reached XP level 3. HP: 20/20 MP: 5/11
   632 | D:1      | Learned a level 3 spell: Mephitic Cloud
   635 | D:1      | Learned a level 2 spell: Call Imp
   638 | D:1      | Learned a level 2 spell: Blink
   642 | D:1      | Learned a level 3 spell: Stone Arrow
   909 | D:1      | Found a faded altar of an unknown god.
  1227 | D:2      | Noticed Natasha
  1238 | D:2      | Killed Natasha
  1239 | D:2      | Reached skill level 1 in Fighting
  1239 | D:2      | Reached skill level 1 in Armour
  1239 | D:2      | Reached XP level 4. HP: 8/25 MP: 0/13
  1596 | D:2      | Noticed Natasha
  1605 | D:2      | Killed Natasha
  1612 | D:2      | Noticed Natasha
  1616 | D:2      | You fall into a shaft and drop 2 floors!
  1839 | D:4      | Noticed a sky beast
  1880 | D:4      | Killed a sky beast
  1881 | D:4      | Reached skill level 6 in Spellcasting
  1881 | D:4      | Reached XP level 5. HP: 11/29 MP: 7/15
  2251 | D:2      | Killed Natasha
  2252 | D:2      | Reached XP level 6. HP: 18/34 MP: 9/17
  2549 | D:3      | Noticed Robin
  2655 | D:3      | Found a white marble altar of Elyvilon.
  2689 | D:3      | Killed Robin
  2842 | D:3      | Noticed Jessica
  2846 | D:3      | Killed Jessica
  2847 | D:3      | Reached skill level 7 in Spellcasting
  2847 | D:3      | Reached skill level 1 in Air Magic
  2925 | D:3      | Noticed Grinder
  2946 | D:3      | Killed Grinder
  2947 | D:3      | Reached skill level 1 in Shields
  2947 | D:3      | Reached skill level 1 in Fire Magic
  2947 | D:3      | Reached XP level 7. HP: 38/38 MP: 8/20
  3097 | D:3      | Noticed Terence
  3104 | D:3      | Killed Terence
  3200 | D:3      | Found a runed translucent door.
  3461 | D:3      | Noticed comborobin's ghost (weakling DEDe)
  3475 | D:3      | Killed comborobin's ghost
  3543 | D:3      | Learned a level 1 spell: Foxfire
  3549 | D:3      | Learned a level 5 spell: Fireball
  3613 | D:3      | Found a runed translucent door.
  3614 | D:3      | Noticed Crazy Yiuf
  3624 | D:3      | Killed Crazy Yiuf
  3712 | D:4      | Reached skill level 1 in Earth Magic
  3721 | D:4      | Reached skill level 8 in Spellcasting
  3721 | D:4      | Reached skill level 1 in Poison Magic
  3721 | D:4      | Reached skill level 1 in Evocations
  3918 | D:4      | Found a staircase to the Ecumenical Temple.
  3927 | Temple   | Entered the Ecumenical Temple
  3935 | Temple   | Became a worshipper of Vehumet
  3965 | D:4      | Found Umunn's Antique Armour Shoppe.
  4221 | D:4      | Found an ornate altar of the Wu Jian Council.
  4232 | D:4      | Noticed Pikel
  4257 | D:4      | Killed Pikel
  4258 | D:4      | Reached skill level 9 in Spellcasting
  4258 | D:4      | Reached XP level 8. HP: 33/44 MP: 9/23
  4729 | D:5      | Entered Level 5 of the Dungeon
  4810 | D:5      | Reached skill level 5 in Conjurations
  4884 | D:5      | Found an iron altar of Okawaru.
  5016 | D:5      | Found Isimiex's Book Shoppe.
  5046 | D:5      | Reached skill level 10 in Spellcasting
  5270 | D:5      | Reached * piety under Vehumet
  5270 | D:5      | Offered knowledge of Kiss of Death by Vehumet.
  5515 | D:6      | Noticed Eustachio
  5534 | D:6      | Killed Eustachio
  5535 | D:6      | Reached XP level 9. HP: 48/48 MP: 5/25
  5843 | D:6      | Reached skill level 11 in Spellcasting
  6253 | D:6      | Identified the +2 chain mail of a wizard's laboratory
                  | {rElec rC- Str+3 Int+3}
  6542 | D:7      | Reached skill level 5 in Fire Magic
  6574 | D:7      | Found a flagged portal.
  6583 | Bailey   | Entered a bailey
  6647 | Bailey   | Offered knowledge of Poisonous Vapours by Vehumet.
  6667 | Bailey   | Noticed an orc knight
  6670 | Bailey   | Reached ** piety under Vehumet
  6688 | Bailey   | Noticed an orc knight
  6693 | Bailey   | Killed an orc knight
  6694 | Bailey   | Reached skill level 12 in Spellcasting
  6765 | Bailey   | Killed an orc knight
  6766 | Bailey   | Reached XP level 10. HP: 53/53 MP: 23/28
  7017 | Bailey   | Identified the +2 leather armour "Dighomir" {rF++}
  7162 | D:7      | Reached skill level 13 in Spellcasting
  7167 | D:7      | Offered knowledge of Momentum Strike by Vehumet.
  7328 | D:7      | Found a shadowy altar of Dithmenos.
  7677 | D:8      | Reached *** piety under Vehumet
  8097 | D:8      | Noticed Maurice
  8109 | D:8      | Killed Maurice
  8145 | D:8      | Found a sacrificial altar of Ru.
  8278 | D:8      | Reached skill level 14 in Spellcasting
  8497 | D:9      | Noticed a two-headed ogre
  8505 | D:9      | Killed a two-headed ogre
  8569 | D:9      | Found a staircase to the Lair.
  8709 | D:9      | Offered knowledge of Hailstorm by Vehumet.
  8720 | D:9      | Reached XP level 11. HP: 60/60 MP: 17/31
  8748 | D:8      | HP: 2/60 [something (29)]
  8983 | D:9      | Reached **** piety under Vehumet
  8988 | D:9      | Identified the +10 spear of the Blind Eye {vamp, Fly}
  9346 | D:10     | Entered Level 10 of the Dungeon
  9390 | D:10     | Found Qaohen's Magic Scroll Shop.
  9400 | D:10     | Bought a scroll of identify for 28 gold pieces
  9400 | D:10     | Bought a scroll of noise for 14 gold pieces
  9400 | D:10     | Bought a scroll of identify for 28 gold pieces
  9400 | D:10     | Bought a scroll of blinking for 105 gold pieces
  9400 | D:10     | Bought a scroll of teleportation for 42 gold pieces
  9400 | D:10     | Bought a scroll of teleportation for 42 gold pieces
  9400 | D:10     | Bought a scroll of teleportation for 42 gold pieces
  9400 | D:10     | Bought a scroll of teleportation for 42 gold pieces
  9531 | D:10     | Offered knowledge of Olgreb's Toxic Radiance by Vehumet.
  9822 | D:10     | Reached skill level 15 in Spellcasting
 10590 | D:11     | Noticed Josephine
 10842 | D:11     | Reached ***** piety under Vehumet
 10845 | D:11     | Offered knowledge of Yara's Violent Unravelling by Vehumet.
 11147 | D:11     | Found Vyxtan's Armour Shoppe.
 11148 | D:11     | Found a staircase to the Orcish Mines.
 11209 | D:11     | Killed Josephine
 11403 | D:11     | Reached skill level 16 in Spellcasting
 11454 | D:11     | Found Neipuori's Antique Weapon Shop.
 11614 | D:11     | Found Xuibloar's Antique Armour Shop.
 11634 | D:11     | Noticed Erica
 11636 | D:11     | Killed Erica
 11888 | D:11     | Found Ytockar's Distillery.
 11896 | D:11     | Bought a potion of curing for 39 gold pieces
 11896 | D:11     | Bought 2 potions of heal wounds for 130 gold pieces
 11896 | D:11     | Bought a potion of curing for 39 gold pieces
 11903 | D:11     | Reached XP level 12. HP: 45/68 MP: 32/34
 12018 | D:11     | Found Bimiddi's General Store.
 12075 | D:11     | Noticed a death yak
 12075 | D:11     | Noticed a death yak
 12086 | D:11     | Killed a death yak
 12089 | D:11     | Reached skill level 5 in Fighting
 12092 | D:11     | Killed a death yak
 12163 | D:11     | Learned a level 5 spell: Freezing Cloud
 12170 | D:11     | Learned a level 6 spell: Plasma Beam
 12190 | D:11     | Noticed a minotaur
 12199 | D:11     | Killed a minotaur
 12200 | D:11     | Reached skill level 10 in Conjurations
 12206 | D:11     | Reached skill level 1 in Ice Magic
 12242 | D:11     | Noticed a death yak
 12243 | D:11     | Reached skill level 17 in Spellcasting
 12248 | D:11     | Noticed a minotaur
 12251 | D:11     | Noticed a death yak
 12262 | D:11     | Killed a minotaur
 12416 | D:11     | Killed a death yak
 12473 | D:11     | Killed a death yak
 13172 | D:12     | Reached skill level 10 in Fire Magic
 13829 | D:13     | Reached skill level 5 in Dodging
 13831 | D:13     | Noticed a centaur warrior
 13844 | D:13     | Killed a centaur warrior
 13845 | D:13     | Reached skill level 18 in Spellcasting
 13991 | D:13     | Noticed a catoblepas
 14005 | D:13     | Killed a catoblepas
 14126 | D:13     | Noticed a centaur warrior
 14129 | D:13     | Reached XP level 13. HP: 69/72 MP: 32/37
 14132 | D:13     | Noticed Azrael
 14169 | D:13     | Killed Azrael
 14542 | D:13     | Noticed Erolcha
 14543 | D:13     | Offered knowledge of Lee's Rapid Deconstruction by Vehumet.
 14546 | D:13     | Killed Erolcha
 14860 | D:13     | Reached skill level 5 in Armour
 14993 | D:13     | Found a gate to the Vaults.
 16029 | D:14     | Reached skill level 19 in Spellcasting
 16890 | D:15     | Entered Level 15 of the Dungeon
 17186 | D:15     | Found a staircase to the Depths.
 17334 | D:15     | Reached skill level 5 in Shields
 17612 | D:15     | Reached XP level 14. HP: 78/78 MP: 36/39
 17675 | D:15     | Reached skill level 10 in Dodging
 18204 | D:15     | Found a burning altar of Makhleb.
 18326 | D:15     | Reached skill level 20 in Spellcasting
 18686 | Lair:1   | Entered Level 1 of the Lair of Beasts
 18710 | Lair:1   | Found a dark tunnel.
 18718 | Volcano  | Entered a volcano
 18872 | Volcano  | Found a burning altar of Makhleb.
 19091 | Lair:1   | Noticed Harold
 19096 | Lair:1   | Killed Harold
 19444 | Lair:1   | Offered knowledge of Iskenderun's Battlesphere by Vehumet.
 19455 | Lair:1   | Learned a level 5 spell: Iskenderun's Battlesphere
 20779 | Lair:2   | Noticed Nergalle
 20783 | Lair:2   | Killed Nergalle
 21100 | Lair:2   | Identified the +1 robe "Nixt" {rC+ Dex+3}
 21846 | Lair:2   | Found a blossoming altar of Fedhas.
 21875 | Lair:2   | Found a transporter.
 21879 | Lair:2   | Found a transporter.
 21950 | Lair:2   | Reached skill level 21 in Spellcasting
 22275 | Lair:2   | Found a staircase to the Shoals.
 22808 | Lair:3   | Offered knowledge of Leda's Unmaking by Vehumet.
 22832 | Lair:3   | Learned a level 6 spell: Leda's Unmaking
 22932 | Lair:3   | Found a sacrificial altar of Ru.
 23257 | Lair:3   | Reached XP level 15. HP: 82/82 MP: 40/42
 23600 | Lair:3   | Found a hole to the Spider Nest.
 25056 | Lair:5   | Entered Level 5 of the Lair of Beasts
 25863 | Lair:5   | Identified the +1 scale mail of the Turtle {rC+++ rN+++
                  | Int-4 Stlth-}
 26037 | Lair:5   | Found a staircase to the Slime Pits.
 26039 | Lair:5   | Found a viscous altar of Jiyva.
 26815 | Lair:5   | Found a runed translucent door.
 26881 | Lair:5   | Paralysed by a hornet for 2 turns
 26893 | Lair:5   | Slain by a torpor snail

Illustrated notes

Levels and vault maps discovered:
D:1:      ebering_trefoil_3fold, layout_rooms, shapermc_ecumenical_altar_petra,
          serial_bayou_pond_a
D:2:      layout_basic, st_stairs_11, uniq_natasha
D:3:      layout_basic, elyvilon_altar_4, ebering_ghost_sewer_d, uniq_jessica,
          uniq_terence, uniq_grinder, uniq_crazy_yiuf_cottage, uniq_robin
D:4:      old_forge, layout_loops_ring, mainiacjoe_overflow_boulevard,
          minmay_temple_entry_mini_moons, serial_shops, shop, glass_columns_b,
          kennysheep_path_1, st_stairs_4, uniq_pikel
D:5:      layout_cave_pools, kennysheep_okawaru_gauntlet, serial_shops,
          nicolae_shop_pleasant_corner_grove
D:6:      layout_rooms, minmay_misc_feat_enclosed, uniq_eustachio
D:7:      layout_cave_pools, mainiacjoe_overflow_alcove_4, enter_bailey_6,
          minmay_liquid_box
D:8:      layout_loops_cross, nicolae_ru_sacrificial_ziggurat,
          minmay_mini_ossuary, uniq_maurice
D:9:      layout_basic, david_lair_shrubbed
D:10:     layout_stronghold, serial_shops, shop, minivault_25,
          hangedman_tell_no_tales
D:11:     fort_yaktaur, layout_cave_pools, orc_david_3, serial_shops, shop,
          shop, shop, nicolae_shop_real_fake_doors, uniq_erica, uniq_josephine
D:12:     layout_basic
D:13:     layout_loops_ring, david_vaults_2, hangedman_stone_soup,
          grunt_decor_one_mirror, uniq_erolcha, uniq_azrael
D:14:     layout_basic, dreamdust_wishing_well, hangedman_decor_diamond_cutter,
          minivault_22, hangedman_abyss_or_decor_clamps
D:15:     grunt_enter_depths_hoard, layout_basic, nrook_mini_backslash,
          bloody_makhleb
Temple:   sentei_temple_godly_chess
Lair:1:   hellmonk_destroyed_diamonds, layout_hall_layers, enter_volcano_1,
          serial_bayou_ford_a, kennysheep_abandoned_house, uniq_harold
Lair:2:   gammafunk_boulding_lane, layout_long_grid, elwin_shoals_entry_stream,
          basic_altar, serial_bayou_shore_b, uniq_nergalle
Lair:3:   beast_lair_carwin_large_2, layout_regular_city,
          nicolae_spider_entry_orb_guardian, basic_altar
Lair:4:   layout_cave_pods, infiniplex_staircase_pool_2, serial_bayou_shore_a
Lair:5:   wormcave, layout_layer_cave, hangedman_lair_tendril_chambers,
          slime_entry_1

Skill      XL: |  1  2  3  4  5  6  7  8  9 10 11 12 13 14 15 |
---------------+----------------------------------------------+-----
Spellcasting   | 5 6 7 9 10 12 14 16 18 19 21 | 21.9
Fighting       | 1 2 3 4 5 |  5.3
Armour         | 1 2 3 4 5 6 |  6.0
Conjurations   | 2 3 4 5 7 8 9 10 11 12 13 | 13.2
Dodging        | 3 5 9 12 13 | 13.6
Stealth        | 3 |  3.3
Air Magic      | 1 |  1.0
Shields        | 1 2 3 4 5 6 |  6.0
Fire Magic     | 1 2 4 5 7 9 10 11 12 | 12.7
Earth Magic    | 1 |  1.0
Poison Magic   | 1 |  1.0
Evocations     | 1 |  1.1
Ice Magic      | 1 |  1.0
Summonings     | |  1.1
Translocations | |  1.1

Action                     |  1- 3 |  4- 6 |  7- 9 | 10-12 | 13-15 || total
---------------------------+-------+-------+-------+-------+-------++-------
  Melee: Dagger            |    28 |    27 |    78 |    73 |       ||   206
         Punch             |       |     1 |     2 |     1 |     1 ||     5
         Spear             |       |       |       |    35 |    12 ||    47
         Staff             |       |       |       |       |     5 ||     5
   Cast: Magic Dart        |    84 |   104 |    57 |     2 |       ||   247
         Mephitic Cloud    |       |     4 |    17 |    31 |    13 ||    65
         Stone Arrow       |       |     2 |     5 |    57 |    37 ||   101
         Call Imp          |       |       |     1 |     1 |     1 ||     3
         Foxfire           |       |       |   157 |   223 |     3 ||   383
         Blink             |       |       |     1 |     4 |     5 ||    10
         Fireball          |       |       |       |   113 |   409 ||   522
         Freezing Cloud    |       |       |       |     1 |    15 ||    16
         Plasma Beam       |       |       |       |       |     6 ||     6
         Iskenderun's Batt |       |       |       |       |     1 ||     1
         Leda's Unmaking   |       |       |       |       |     3 ||     3
  Evoke: Wand              |       |       |       |     2 |       ||     2
    Use: Scroll            |       |       |       |    14 |     9 ||    23
   Stab: Confused          |       |     1 |     7 |    10 |       ||    18
         Sleeping          |       |       |     1 |       |       ||     1
 Armour: Robe              |    10 |     9 |       |       |       ||    19
         Animal skin       |       |     2 |    21 |     1 |       ||    24
         Leather armour    |       |       |       |    37 |    13 ||    50
  Dodge: Dodged            |    21 |    46 |    59 |   168 |    88 ||   382
  Block: Buckler           |       |       |       |       |    10 ||    10

Table legend: (Time is in decaauts)
 A = Elapsed time spent in this place.
 B = Non-inter-level travel time spent in this place.
 C = Inter-level travel time spent in this place.
 D = Time resting spent in this place.
 E = Time spent auto-exploring this place.
 F = Levels seen in this place.
 G = Mean time per level.
                   A        B        C        D        E       F      G
               +--------+--------+--------+--------+--------+-----+--------+
         Total |  26998 |  25523 |   1475 |   2673 |  19002 |  23 | 1173.8 |
       Dungeon |  18417 |  17201 |   1216 |   1474 |  13041 |  15 | 1227.8 |
        Temple |     50 |     38 |     12 |      0 |      0 |   1 |   50.0 |
          Lair |   7632 |   7386 |    246 |   1074 |   5508 |   5 | 1526.4 |
        Bailey |    531 |    531 |      0 |      0 |    338 |   1 |  531.0 |
       Volcano |    366 |    366 |      0 |    125 |    114 |   1 |  366.0 |
               +--------+--------+--------+--------+--------+-----+--------+

Top non-repeatable levels by time:
  Lair:1: 2016 daAuts
    D:10: 1874 daAuts
  Lair:5: 1698 daAuts
    D:11: 1628 daAuts
    D:15: 1513 daAuts
    D:14: 1513 daAuts
     D:4: 1443 daAuts
  Lair:2: 1406 daAuts
  Lair:4: 1373 daAuts
    D:13: 1372 daAuts
     D:3: 1209 daAuts
    D:12: 1190 daAuts
  Lair:3: 1138 daAuts
     D:1: 1065 daAuts
     D:2: 1040 daAuts
